[ AOE2 MATCH · #504864704 ]
UnrankedTeutons vs Goths
Player's team · WIN
Rival team · LOSS
[ REPLAY ANALYSIS · EXTRACTED FROM THE RECORDED GAME ]
Feudal
8:26
Castle
25:50
Imperial
34:15
| APM avg | 35.9 |
| APM peak | 169 |
| eAPM avg | 19.4 |
| Villagers / military | 115 / 36 |
Focus
⚔️ 28.9% · 🌾 71.1%
Hand Cannoneer ×19 · Teutonic Knight ×8 · Knight ×4 · Trebuchet (Packed) ×4 · Spearman ×1
Feudal
9:56
Castle
16:34
Imperial
36:20
| APM avg | 42.9 |
| APM peak | 85 |
| eAPM avg | 23.5 |
| Villagers / military | 134 / 52 |
Focus
⚔️ 39.4% · 🌾 60.6%
Hand Cannoneer ×22 · Huskarl ×10 · Monk ×6 · Spearman ×5 · Mangonel ×4 · Bombard Cannon ×3
Match map
Initial resources + every placement click. Lines = walls · curves = elevation contours. ◆ gold · ⬟ stone · ● berries · ✦ relic · ◌ wall gap
Your base· ✓ Closed at 25:50 · 0t walls · 3 gate(s)
VENÓN | Sigfrido's base· ✓ Closed at 16:34 · 60t walls · 4 gate(s)
Smoothed initial terrain · ◌ = detected wall gap · hover for details
Inputs per minute
— Ghost - - VENÓN | Sigfrido
Build order — Ghost
First 150 of 305 actions detected
| 0:00 | Queue | Villager (Male) |
| 0:01 | Queue | Villager (Male) |
| 0:01 | Queue | Villager (Male) |
| 0:02 | Build | House |
| 0:03 | Build | House |
| 0:16 | Queue | Villager (Male) |
| 1:27 | Build | Lumber Camp |
| 1:30 | Queue | Villager (Male) |
| 1:43 | Queue | Villager (Male) |
| 2:26 | Queue | Villager (Male) |
| 2:46 | Queue | Villager (Male) |
| 3:00 | Build | House |
| 3:12 | Queue | Villager (Male) |
| 3:13 | Queue | Villager (Male) |
| 3:46 | Queue | Villager (Male) |
| 4:12 | Queue | Villager (Male) |
| 4:15 | Build | Mill |
| 4:29 | Queue | Villager (Male) |
| 5:19 | Queue | Villager (Male) |
| 5:24 | Research | Loom |
| 6:10 | Research | Feudal Age |
| 6:37 | Build | Mining Camp |
| 7:06 | Queue | Villager (Male) |
| 7:09 | Build | House |
| 8:26 | Age | Feudal Age |
| 8:31 | Build | Watch Tower |
| 8:44 | Queue | Villager (Male) |
| 8:56 | Queue | Villager (Male) |
| 9:16 | Queue | Villager (Male) |
| 9:36 | Queue | Villager (Male) |
| 10:24 | Queue | Villager (Male) |
| 10:38 | Build | Watch Tower |
| 10:53 | Queue | Villager (Male) |
| 11:12 | Queue | Villager (Male) |
| 11:37 | Build | House |
| 11:41 | Research | Town Watch |
| 12:03 | Queue | Villager (Male) |
| 12:06 | Queue | Villager (Male) |
| 13:11 | Queue | Villager (Male) |
| 13:42 | Build | Watch Tower |
| 13:49 | Queue | Villager (Male) |
| 13:55 | Build | Mining Camp |
| 13:57 | Build | Blacksmith |
| 14:08 | Queue | Villager (Male) |
| 14:24 | Queue | Villager (Male) |
| 14:30 | Build | House |
| 14:59 | Build | House |
| 15:10 | Queue | Villager (Male) |
| 15:14 | Research | Fletching |
| 15:19 | Build | Watch Tower |
| 15:34 | Queue | Villager (Male) |
| 15:43 | Build | Farm |
| 15:50 | Research | Double-Bit Axe |
| 16:30 | Queue | Villager (Male) |
| 16:31 | Build | Farm |
| 16:34 | Build | House |
| 16:51 | Queue | Villager (Male) |
| 17:04 | Queue | Villager (Male) |
| 17:30 | Build | Watch Tower |
| 17:31 | Queue | Villager (Male) |
| 17:33 | Build | Farm |
| 17:34 | Build | Farm |
| 17:36 | Build | House |
| 17:44 | Queue | Villager (Male) |
| 17:54 | Build | Farm |
| 18:16 | Build | Mining Camp |
| 18:22 | Queue | Villager (Male) |
| 18:30 | Build | Lumber Camp |
| 18:34 | Queue | Villager (Male) |
| 19:15 | Queue | Villager (Male) |
| 19:19 | Build | Farm |
| 19:21 | Build | Farm |
| 19:31 | Queue | Villager (Male) |
| 19:58 | Build | Farm |
| 20:39 | Queue | Villager (Male) |
| 21:09 | Build | Mining Camp |
| 21:37 | Build | Farm |
| 21:42 | Queue | Villager (Male) |
| 21:44 | Build | Farm |
| 21:46 | Build | Farm |
| 21:49 | Build | Mill |
| 21:49 | Build | Farm |
| 21:50 | Build | Farm |
| 21:50 | Build | Farm |
| 21:50 | Build | Farm |
| 21:50 | Build | Farm |
| 21:50 | Build | Farm |
| 21:50 | Build | Farm |
| 21:59 | Build | Market |
| 22:11 | Queue | Villager (Male) |
| 22:16 | Build | Farm |
| 22:22 | Build | Barracks |
| 22:41 | Build | Farm |
| 22:43 | Build | Farm |
| 22:45 | Queue | Villager (Male) |
| 23:10 | Research | Castle Age |
| 23:22 | Build | Stable |
| 23:33 | Queue | Spearman |
| 23:42 | Research | Gold Mining |
| 23:50 | Build | House |
| 23:51 | Build | House |
| 23:52 | Build | House |
| 23:57 | Queue | Villager (Male) |
| 24:48 | Build | Stable |
| 25:25 | Queue | Villager (Male) |
| 25:50 | Age | Castle Age |
| 26:03 | Queue | Knight |
| 26:03 | Queue | Knight |
| 26:21 | Build | House |
| 26:31 | Queue | Knight |
| 26:31 | Queue | Knight |
| 27:07 | Queue | Villager (Male) |
| 27:26 | Queue | Villager (Male) |
| 27:29 | Build | Town Center |
| 27:36 | Build | Town Center |
| 27:47 | Queue | Villager (Male) |
| 27:50 | Build | House |
| 28:08 | Build | Castle |
| 28:09 | Queue | Villager (Male) |
| 28:13 | Queue | Villager (Male) |
| 28:15 | Research | Bow Saw |
| 28:39 | Queue | Villager (Male) |
| 28:39 | Queue | Villager (Male) |
| 28:59 | Queue | Villager (Male) |
| 29:12 | Queue | Villager (Male) |
| 29:17 | Queue | Villager (Male) |
| 29:17 | Queue | Villager (Male) |
| 29:31 | Queue | Villager (Male) |
| 29:35 | Build | House |
| 29:36 | Queue | Villager (Male) |
| 29:47 | Build | Mining Camp |
| 29:50 | Build | Farm |
| 29:51 | Build | Farm |
| 29:52 | Build | Farm |
| 29:53 | Build | Farm |
| 30:03 | Build | Farm |
| 30:48 | Build | Farm |
| 30:48 | Build | Farm |
| 30:48 | Build | Farm |
| 30:49 | Build | Farm |
| 30:49 | Build | Farm |
| 30:49 | Build | Farm |
| 30:49 | Build | Farm |
| 31:05 | Research | Imperial Age |
| 31:15 | Build | Farm |
| 31:21 | Build | Farm |
| 31:34 | Build | Outpost |
| 31:35 | Build | Outpost |
| 31:37 | Build | Outpost |
| 31:39 | Queue | Villager (Male) |
Build order — VENÓN | Sigfrido
First 150 of 331 actions detected
| 0:02 | Queue | Villager (Male) |
| 0:03 | Queue | Villager (Male) |
| 0:03 | Queue | Villager (Male) |
| 0:03 | Queue | Villager (Male) |
| 0:04 | Build | House |
| 0:06 | Build | House |
| 1:30 | Queue | Villager (Male) |
| 1:50 | Build | Lumber Camp |
| 1:55 | Queue | Villager (Male) |
| 2:22 | Queue | Villager (Male) |
| 2:23 | Queue | Villager (Male) |
| 2:55 | Queue | Villager (Male) |
| 3:13 | Queue | Villager (Male) |
| 3:13 | Queue | Villager (Male) |
| 3:29 | Build | House |
| 3:30 | Build | House |
| 3:36 | Build | House |
| 3:37 | Build | House |
| 3:38 | Build | House |
| 3:39 | Queue | Villager (Male) |
| 4:08 | Queue | Villager (Male) |
| 4:35 | Build | Mill |
| 4:38 | Queue | Villager (Male) |
| 4:58 | Queue | Villager (Male) |
| 4:58 | Queue | Villager (Male) |
| 5:09 | Queue | Villager (Male) |
| 5:09 | Queue | Villager (Male) |
| 5:19 | Build | Farm |
| 5:28 | Queue | Villager (Male) |
| 5:51 | Queue | Villager (Male) |
| 5:51 | Queue | Villager (Male) |
| 6:38 | Queue | Villager (Male) |
| 6:39 | Research | Loom |
| 6:56 | Build | Mining Camp |
| 7:17 | Queue | Villager (Male) |
| 7:46 | Research | Feudal Age |
| 8:40 | Build | Palisade Wall |
| 9:26 | Queue | Villager (Male) |
| 9:27 | Queue | Villager (Male) |
| 9:46 | Build | House |
| 9:48 | Build | House |
| 9:50 | Build | Palisade Wall |
| 9:56 | Age | Feudal Age |
| 10:01 | Build | Watch Tower |
| 10:20 | Build | Market |
| 10:33 | Build | Palisade Wall |
| 10:37 | Build | Palisade Wall |
| 11:01 | Build | Palisade Gate |
| 11:24 | Queue | Villager (Male) |
| 11:25 | Queue | Villager (Male) |
| 12:00 | Build | Blacksmith |
| 12:11 | Build | Palisade Wall |
| 12:59 | Build | Palisade Wall |
| 13:26 | Build | Palisade Wall |
| 13:54 | Research | Castle Age |
| 14:08 | Research | Double-Bit Axe |
| 14:09 | Research | Double-Bit Axe |
| 14:30 | Build | Palisade Wall |
| 14:35 | Build | Lumber Camp |
| 14:53 | Build | Palisade Wall |
| 15:01 | Build | House |
| 15:30 | Build | Palisade Wall |
| 15:34 | Build | Palisade Wall |
| 16:10 | Research | Town Watch |
| 16:11 | Research | Town Watch |
| 16:23 | Build | Palisade Wall |
| 16:34 | Age | Castle Age |
| 16:37 | Build | Siege Workshop |
| 16:45 | Research | Bow Saw |
| 16:45 | Research | Bow Saw |
| 16:47 | Queue | Villager (Male) |
| 16:47 | Queue | Villager (Male) |
| 17:03 | Queue | Villager (Male) |
| 17:07 | Queue | Mangonel |
| 17:27 | Build | Palisade Gate |
| 17:40 | Queue | Villager (Male) |
| 17:40 | Queue | Villager (Male) |
| 17:42 | Queue | Mangonel |
| 18:12 | Queue | Villager (Male) |
| 18:12 | Queue | Villager (Male) |
| 18:16 | Build | Farm |
| 18:19 | Build | Farm |
| 18:33 | Build | Farm |
| 18:54 | Queue | Mangonel |
| 18:55 | Queue | Villager (Male) |
| 18:56 | Queue | Villager (Male) |
| 19:07 | Build | House |
| 19:12 | Build | Palisade Gate |
| 19:18 | Build | House |
| 19:20 | Build | Palisade Wall |
| 19:24 | Queue | Villager (Male) ×2 |
| 19:24 | Queue | Villager (Male) ×2 |
| 19:26 | Build | Farm |
| 19:43 | Build | Palisade Wall |
| 19:53 | Queue | Mangonel |
| 20:02 | Build | Farm |
| 20:37 | Queue | Villager (Male) |
| 20:49 | Queue | Villager (Male) |
| 21:34 | Queue | Villager (Male) |
| 21:47 | Queue | Battering Ram |
| 21:52 | Build | Outpost |
| 21:56 | Build | Monastery |
| 22:13 | Build | Town Center |
| 22:28 | Build | Monastery |
| 22:32 | Build | Outpost |
| 22:36 | Queue | Villager (Male) |
| 22:46 | Build | Palisade Gate |
| 22:50 | Build | House |
| 23:05 | Build | Farm |
| 23:05 | Build | Farm |
| 23:05 | Build | Farm |
| 23:06 | Build | Farm |
| 23:06 | Build | Farm |
| 23:06 | Build | Farm |
| 23:13 | Build | Farm |
| 23:13 | Build | Farm |
| 23:15 | Queue | Villager (Male) |
| 23:16 | Queue | Villager (Male) |
| 23:20 | Build | Palisade Gate |
| 23:31 | Build | Outpost |
| 23:32 | Build | Outpost |
| 23:36 | Queue | Monk |
| 23:36 | Queue | Monk |
| 23:49 | Build | Farm |
| 23:51 | Queue | Villager (Male) |
| 24:10 | Build | Palisade Wall |
| 24:11 | Build | Palisade Wall |
| 24:11 | Build | Palisade Wall |
| 24:12 | Build | Palisade Wall |
| 24:17 | Queue | Villager (Male) |
| 24:24 | Build | Farm |
| 24:30 | Research | Horse Collar |
| 24:42 | Queue | Villager (Male) |
| 25:02 | Build | Outpost |
| 25:05 | Build | Outpost |
| 25:07 | Build | Outpost |
| 25:09 | Queue | Villager (Male) ×2 |
| 25:14 | Build | Outpost |
| 25:15 | Build | Outpost |
| 25:17 | Build | Outpost |
| 25:24 | Queue | Villager (Male) |
| 25:38 | Queue | Villager (Male) |
| 25:58 | Queue | Villager (Male) ×2 |
| 26:03 | Build | Town Center |
| 26:20 | Queue | Villager (Male) |
| 26:20 | Queue | Villager (Male) |
| 26:59 | Queue | Villager (Male) ×3 |
| 27:03 | Queue | Villager (Male) |
| 27:04 | Queue | Villager (Male) |
| 27:09 | Build | Town Center |
Match timeline
| 8:26 | Ghost · age_up feudal |
| 8:40 | VENÓN | Sigfrido · wall_segment Palisade Wall x10 |
| 9:50 | VENÓN | Sigfrido · wall_segment Palisade Wall x1 |
| 9:56 | VENÓN | Sigfrido · age_up feudal |
| 10:33 | VENÓN | Sigfrido · wall_segment Palisade Wall x4 |
| 10:37 | VENÓN | Sigfrido · wall_segment Palisade Wall x9 |
| 12:11 | VENÓN | Sigfrido · wall_segment Palisade Wall x2 |
| 12:59 | VENÓN | Sigfrido · wall_segment Palisade Wall x13 |
| 13:08 | VENÓN | Sigfrido · first_market_buy 100 food |
| 13:26 | VENÓN | Sigfrido · wall_segment Palisade Wall x8 |
| 14:30 | VENÓN | Sigfrido · wall_segment Palisade Wall x6 |
| 14:53 | VENÓN | Sigfrido · wall_segment Palisade Wall x5 |
| 15:30 | VENÓN | Sigfrido · wall_segment Palisade Wall x7 |
| 15:34 | VENÓN | Sigfrido · wall_segment Palisade Wall x1 |
| 16:23 | VENÓN | Sigfrido · wall_segment Palisade Wall x3 |
| 16:34 | VENÓN | Sigfrido · age_up castle |
| 16:37 | VENÓN | Sigfrido · first_building Siege Workshop |
| 19:20 | VENÓN | Sigfrido · wall_segment Palisade Wall x1 |
| 19:43 | VENÓN | Sigfrido · wall_segment Palisade Wall x6 |
| 21:56 | VENÓN | Sigfrido · first_building Monastery |
| 22:09 | VENÓN | Sigfrido · first_market_sell 100 wood |
| 22:22 | Ghost · first_building Barracks |
| 22:51 | Ghost · first_market_buy 100 food |
| 22:54 | Ghost · first_market_sell 100 wood |
| 23:22 | Ghost · first_building Stable |
| 24:10 | VENÓN | Sigfrido · wall_segment Palisade Wall x1 |
| 24:11 | VENÓN | Sigfrido · wall_segment Palisade Wall x1 |
| 24:11 | VENÓN | Sigfrido · wall_segment Palisade Wall x1 |
| 24:12 | VENÓN | Sigfrido · wall_segment Palisade Wall x1 |
| 25:50 | Ghost · age_up castle |
| 28:08 | Ghost · first_building Castle |
| 28:43 | VENÓN | Sigfrido · first_building Barracks |
| 28:52 | VENÓN | Sigfrido · wall_segment Palisade Wall x1 |
| 29:03 | VENÓN | Sigfrido · wall_segment Palisade Wall x1 |
| 30:22 | VENÓN | Sigfrido · wall_segment Palisade Wall x7 |
| 33:59 | VENÓN | Sigfrido · first_building Castle |
| 34:15 | Ghost · age_up imperial |
| 36:20 | VENÓN | Sigfrido · age_up imperial |
| 37:08 | VENÓN | Sigfrido · first_building Archery Range |
| 40:28 | Ghost · first_building Archery Range |
| 43:27 | Ghost · first_building Monastery |
| 43:48 | VENÓN | Sigfrido · resign |
[ AI ANALYSIS · 1 CREDIT ]
What really happened in this match?
Wolo.gg analyzes every decision: build order, eco, micro, common mistakes by bracket. Personalized analysis on WhatsApp or Discord in 30 seconds.
Civ guide
Teutons
Perfil
Jugador #23112305